← All builds
Geo / Cortex / Economy first / OBSERVED BUILD

Standard geo

Cortex Geo build order · Supreme Isthmus

The role's standard eco-first play: Bot Lab then Geothermal into Advanced Metal Extractor and Advanced Geothermal, commander usually blown for T2, into Advanced Bot Lab and Sheldon bot artillery to front.

Usually blows up the commander for T2 (67%)

#eco #t2 #artillery · 152 distinct matches · 46 players · 35% of Cortex Geo games · team won 47% of 153 · Recently observed

THE CATCH, AND WHAT COMES WITH IT
  • SheldonSheldon in 43%20% of all Geo games by then

Then transitions into Sheldon (22% of army), Sumo (9% of army).

HOW TO PLAY IT

Key timing: T2 constructor by 5:01

  1. Take 3 mex, then chain wind and a bot lab by 1:13.
  2. Get geothermal up for the energy to push tech.
  3. Hit T2 constructor and start advanced mex and advanced geo.
  4. Bring up the T2 lab and start pumping Sheldon to front.
  5. Pay allies with cons and rez bots while supplying Sheldon and Arbiter.

Phase by phase

TYPICAL OF ITS 152 GAMES
  1. 1
  2. 2
  3. 3
  4. 4
PLAY THE OPENING

Follow the example game's first 6:00 step by step: what to build now, what comes next, and where it goes. At 1× it keeps pace with your own game.

  1. 1

    Up to the Bot Lab

    Economy
    • Metal Extractor3Mex
    • Wind Turbine3Wind
    Order
    1. Bot LabBot Lab after 3 mex, 3 winddone ~1:13, middle half 0:57–1:21

    By 0:57 in all: 3 mex · 3 wind

    The example game in this phase · 3 steps
    1. Mex ×2
    2. Wind ×3
    3. Bot LabBot Labdone 0:52 · typical 1:13
  2. 2

    Bot Lab to 5:00

    Economy
    • Metal Extractor1Mex
    • Wind Turbine3Wind
    • Energy Converter8Converter
    • Energy Storage1Energy storage
    Order
    1. Geothermal PowerplantGeo after 4 mex, 6 wind, 1 energy storage
    Builders
    • Construction Turret5 Con turret
    • Graverobber4 Graverobber
    • Construction Bot2 Con bot
    • Construction Bot1 Con bot for allies
    • Graverobber1 Graverobber for allies

    By 5:00 in all: 4 mex · 7 wind · 1 geo · 8 converter · 1 energy storage · 5 con turret

    The example game in this phase · 19 steps
    1. Wind
    2. GraverobberGraverobber
    3. Wind ×2
    4. Construction BotCon botfor Beach sea
    5. GraverobberGraverobber
    6. Construction BotCon bot
    7. Construction BotCon botfor Beach sea
    8. Mex
    9. GraverobberGraverobber
    10. Mex
    11. GraverobberGraverobber
    12. Geothermal PowerplantGeodone 3:11 · typical 3:21
    13. Wind ×2
    14. Con turret ×4
    15. Converter
    16. Con turret
    17. Converter ×2
    18. Con turret
    19. Converter ×7
  3. 3

    5:00 to Advanced Bot Lab

    Economy
    • Wind Turbine2Wind
    • Energy Converter2Converter
    Order
    1. Advanced Geothermal PowerplantAdvanced Geothermal Powerplant after 9 wind, 12 converter, 6 con turretin 64% of games
    2. Advanced Bot LabAdvanced Bot Lab after 12 wind, 14 converter, 7 con turretdone ~7:51, middle half 7:28–8:25
    Builders
    • Construction Turret1 Con turret

    By 7:16 in all: 4 mex · 11 wind · 1 geo · 1 Advanced Geothermal Powerplant · 12 converter · 1 energy storage

    The example game in this phase · 7 steps
    1. Advanced Metal ExtractorT2 mex ×3done 5:19 · typical 5:37
    2. Advanced Geothermal PowerplantAdvanced Geothermal Powerplantdone 6:43 · typical 7:08
    3. Advanced Metal ExtractorT2 mex
    4. Con turret ×5
    5. Aircraft PlantAircraft Plantdone 7:12
    6. WhirlwindWhirlwind ×10
    7. Advanced Bot LabAdvanced Bot Labnot finished by 15:00 · typical 7:51
  4. 4

    Advanced Bot Lab to 10:00

    Economy
    • Energy Converter3Converter

    Some games also: Sheldon (47%) · radar bot (46%) · T2 con bot for allies (46%) · jammer bot (44%) · con turret (42%)

    By 10:00 in all: 4 mex · 15 wind · 1 geo · 1 Advanced Geothermal Powerplant · 18 converter · 1 energy storage

    The example game in this phase · 49 steps
    1. Advanced Bot LabAdvanced Bot Labdone 8:25
    2. Converter ×5
    3. SheldonSheldondone 8:44 · typical 8:43
    4. Converter
    5. SheldonSheldon
    6. Converter
    7. SheldonSheldon
    8. Converter
    9. SheldonSheldon
    10. Converter ×2
    11. SheldonSheldon
    12. Converter ×2
    13. AugurRadar bot
    14. SheldonSheldon ×5
    15. AugurRadar bot
    16. ArbiterArbiterdone 10:18
    17. Advanced Construction BotT2 con botfor Front
    18. Advanced Construction BotT2 con bot
    19. ArbiterArbiter ×4
    20. DeceiverJammer bot
    21. Fusion ReactorFusiondone 11:59
    22. Converter
    23. Fusion ReactorFusion
    24. Converter
    25. Advanced Bot LabAdvanced Bot Labdone 13:04
    26. Converter ×4
    27. FiendFiend ×3
    28. Converter
    29. FiendFiend ×3
    30. Converter
    31. FiendFiend ×3
    32. Converter
    33. FiendFiend ×2
    34. Converter
    35. FiendFiend ×4
    36. Converter
    37. FiendFiend ×2
    38. Converter
    39. FiendFiend ×2
    40. Converter
    41. FiendFiend
    42. Converter
    43. FiendFiend ×2
    44. PrevailerPrevailernot finished by 15:00
    45. FiendFiend
    46. Converter
    47. FiendFiend ×9
    48. Converter
    49. FiendFiend ×2

Counts are medians over the build's games: half of them build more, half fewer. The example game is [FFS]WatchBehind's (37 OS, 11/08/2026); pick another.

Team trades

IN AT LEAST 30% OF ITS GAMES

You hand over

  • Graverobber1 Graverobber to Beach sea or Frontfirst at 2:25 · in 76% of games
  • Construction Bot1 Con bot to Beach sea or Pondfirst at 2:44 · in 86% of games
  • Advanced Construction Bot1 T2 con bot to Suicide front or Frontfirst at 8:28 · in 53% of games

You get

  • Advanced Construction Bot1 T2 con bot from Techfirst at 4:51 · in 92% of games

How it plays out

Typical game of this build, running totals by minute

Metal produced

020k40k
0:005:0010:0015:00

metal

Enemy metal destroyed

05k10k
0:005:0010:0015:00

metal

Own metal lost

02.5k5k7.5k
0:005:0010:0015:00

metal

153 games.

Show as table
ByMetal produced: This buildEnemy metal destroyed: This buildOwn metal lost: This build
1:0033700
2:0086800
3:00150000
4:00266200
5:00375600
6:00569200
7:00796900
8:001104400
9:001407343120
10:0016930375259
11:00198531255720
12:002268924991642
13:002560543652640
14:002849759294359
15:003174777486280
WHAT THE NUMBERS SAY

Standard geo won under half its games while destroying far more metal than it lost by 15:00, showing the T2 push pays off when it lands.

  • + Enemy metal destroyed hits 7969 by 15:00 versus only 6290 lost.
  • + Advanced geothermal reached in 67% of games, funding a fast T2 lab.
  • − Team win rate sits at only 45%, below an even split.
  • − First Sheldon only appears by 9:06 in 31% of games, so T2 units often arrive late.
THE EXAMPLE YOU ARE READING

[FFS]WatchBehind

37.0 OS · 11/08/2026

Open source match ↗

7 received units · includes a constructor
1372 metal received · 42350 energy received

Allied construction assistance is unknown. Timings are observations, not a promise of solo reproducibility.

Typical milestones

Bot Lab1:13Middle 50%: 0:57–1:21 · n=153
Geothermal Powerplant3:21Middle 50%: 3:07–3:37 · n=153
Advanced Metal Extractor5:37Middle 50%: 5:18–5:58 · n=139
Advanced Geothermal Powerplant7:08Middle 50%: 6:44–7:34 · n=103
Advanced Bot Lab7:51Middle 50%: 7:28–8:25 · n=113
Sheldon8:43Middle 50%: 8:05–9:20 · n=91

Played most by

_Hawkey_13games of this buildRogShotz12games of this buildzeus_on_god12games of this buildAmrissa9games of this buildGodmother139games of this build